[Event "German-ch Blitz Women 2022"]
[Site "Magdeburg"]
[Date "2022.08.13"]
[Round "1.1"]
[White "Kunze, Kerstin"]
[Black "Paehtz, Elisabeth"]
[Result "0-1"]
[ECO "B51"]
[WhiteElo "2020"]
[BlackElo "2484"]
[Annotator "TA"]
[PlyCount "92"]
[EventDate "2022.08.10"]
[EventType "tourn"]
[EventCountry "GER"]
[SourceTitle "playchess.com"]
[Source "ChessBase"]
[SourceQuality "1"]
[TimeControl "180+2"]

1. e4 c5 2. Nf3 d6 3. Bb5+ Nd7 4. O-O Ngf6 5. Re1 a6 6. Bf1 g6 {[%emt 0:00:08] B51: Sicilian: Moscow Variation (3 Bb5+) without 3...Bd7.} 7. c3 Bg7 8. d4 e5 (8... cxd4 $14 9. cxd4 O-O) 9. dxe5 dxe5 10. Qd6 Qe7 {[%emt 0:00:03] [#]} 11. Qxe7+ Kxe7 12. Nbd2 ({Don't take} 12. Bg5 h6 13. Bxf6+ Bxf6 $14) 12... Ne8 (12... b5 $142) 13. Nc4 $16 {[%emt 0:00:09] [#]} Nc7 $146 ({Predecessor:} 13... b5 14. Na5 f6 15. a4 bxa4 16. Bc4 Kd6 17. Bd5 Rb8 18. Nd2 Nb6 19. Ndc4+ Nxc4 20. Nxc4+ {1-0 (66) Schauwecker,M (2340)-Szymczak,Z Caracas 1976}) 14. Be3 b6 (14... f6 $16 15. a4 Ne6) 15. Red1 Ne6 16. Rd2 (16. Ng5 $18) 16... Rd8 (16... f5 $16) 17. Rad1 $18 f6 (17... Bf6 {keeps fighting.} 18. Nxb6 Nxb6) 18. a4 Rb8 19. Nd6 Nc7 20. g3 Bb7 $2 (20... Nf8 {is a better defense.} 21. a5 Bg4) 21. Nh4 Bc6 22. b3 Nf8 $2 {[%emt 0:00:06] [#]} (22... Ne6 23. Bxa6 Ndf8) 23. Ndf5+ $1 gxf5 24. Nxf5+ Kf7 (24... Ke8 $142 25. Nxg7+ Ke7 26. Nf5+ Ke8 27. Nd6+ Ke7 28. Nf5+ Ke8 29. Nd6+ Ke7 30. Nf5+) 25. Rxd8 Rxd8 26. Rxd8 Nfe6 27. Nxg7 $2 Nxd8 28. Nf5 Ke8 29. Nd6+ Kd7 30. Nf5 (30. Nc4 $16) 30... Bxe4 $11 31. Bh3 Kc6 32. Ne7+ Kb7 (32... Kd6 $5 33. Nc8+ Kc6 $11) 33. Ng8 Nd5 34. c4 Nxe3 35. fxe3 {[%mdl 4096] Endgame KBN-KBN} Bc2 36. Nxf6 Bxb3 37. Nxh7 Bxa4 {[%emt 0:00:01] White must now prevent ...a5.} 38. Bg2+ Kc7 39. h4 (39. Nf6 $11 {remains equal.}) 39... Bc2 (39... Bb3 $17 {Threatens to win with ...a5.} 40. Ng5 Bxc4) 40. Ng5 {[%emt 0:00:03] [#]} (40. Nf6 $11 {keeps the balance.}) 40... a5 $1 $17 {[%emt 0:00:02] Hoping for ...a4.} 41. h5 $2 (41. Be4 $17 Bd1 42. Kf1) 41... a4 $19 {[%emt 0:00:02] And now ...a3 would win.} 42. Be4 $2 {[%emt 0:00:02] [#]} (42. Ne4 a3 43. Nc3) 42... a3 $1 {[%emt 0:00:09] Strongly threatening ...Bxe4.} 43. h6 (43. Bxc2 a2) 43... a2 44. h7 a1=Q+ (44... Bxe4 $142 45. h8=Q a1=Q+ 46. Kf2 Qb2+ 47. Kf1 Qc1+ 48. Ke2 Qc2+ 49. Kf1 Qxc4+ 50. Ke1 Qc1+ 51. Kf2 Qd2+ 52. Kf1 Bd3+ 53. Kg1 Qxe3+ 54. Kh2 Qd2+ 55. Kh1 Qxg5 56. Kg2 Qd2+ 57. Kg1 Qe1+ 58. Kh2 Qf2+ 59. Kh3 Bf1+ 60. Kg4 Qe2+ 61. Kf5 Qf3+ 62. Kg6 Bd3+ 63. Kh6 Nf7+ 64. Kg7 Nxh8 65. Kh6 Qxg3 66. Kh5 Be2+ 67. Kh6 Qg6#) 45. Kh2 Bxe4 46. Nxe4 Nf7 {[%emt 0:00:01] What a bad dream for White.  Weighted Error Value: White=0.97/Black=0.60} (46... Qa2+ $142 47. Kg1 Qb1+ 48. Kh2 Nf7 49. Nf6 Qc2+ 50. Kg1 Qxc4 51. Ng8 Qc1+ 52. Kf2 Qc2+ 53. Kg1 Qb1+ 54. Kg2 Qxh7 55. Nf6 Qc2+ 56. Kf1 Qf5+ 57. Ke1 Qxf6 58. g4 e4 59. Ke2 Qf3+ 60. Ke1 Qg2 61. g5 Nxg5 62. Kd1 c4 63. Kc1 c3 64. Kd1 Qd2#) 0-1

[Event "German-ch Blitz Women 2022"]
[Site "Magdeburg"]
[Date "2022.08.13"]
[Round "1.2"]
[White "Doll, Rebecca"]
[Black "Rath, Alina"]
[Result "0-1"]
[ECO "B65"]
[WhiteElo "1933"]
[BlackElo "2062"]
[Annotator "NA RC"]
[PlyCount "64"]
[EventDate "2022.08.10"]
[EventType "tourn"]
[EventCountry "GER"]
[SourceTitle "playchess.com"]
[Source "ChessBase"]
[SourceQuality "1"]
[TimeControl "180+2"]

1. e4 c5 2. Nf3 Nc6 3. d4 cxd4 4. Nxd4 Nf6 5. Nc3 d6 6. Bg5 e6 7. Qd3 Be7 8. O-O-O O-O 9. f4 Nxd4 10. Qxd4 Qa5 11. Kb1 Rd8 12. Be2 a6 13. Bf3 Qc7 14. Rd2 h6 15. Bh4 Rb8 16. Rhd1 b5 17. e5 dxe5 18. Qxd8+ Bxd8 19. Rxd8+ Kh7 20. Bxf6 gxf6 21. Ne4 Bb7 22. Nxf6+ Kg6 23. Rxb8 Qxb8 24. Nd7 Qc8 25. Nxe5+ Kg7 26. Bxb7 Qxb7 27. Rd7 Qxg2 28. Rxf7+ Kg8 29. a3 Qxh2 30. Rf6 Qh1+ 31. Ka2 h5 32. Rxe6 Qd5+ 0-1

[Event "German-ch Blitz Women 2022"]
[Site "Magdeburg"]
[Date "2022.08.13"]
[Round "1.3"]
[White "Wulf, Constanze"]
[Black "Skibbe, Diana"]
[Result "0-1"]
[ECO "A04"]
[WhiteElo "1835"]
[BlackElo "1943"]
[Annotator "TA"]
[PlyCount "75"]
[EventDate "2022.08.10"]
[EventType "tourn"]
[EventCountry "GER"]
[SourceTitle "playchess.com"]
[Source "ChessBase"]
[SourceQuality "1"]
[TimeControl "180+2"]

1. Nf3 f5 2. b3 Nf6 3. Bb2 d6 4. e3 e5 5. d4 e4 6. Nfd2 {[%emt 0:00:02] A04: Unusual lines after 1 Nf3 and King's Indian Attack.} g6 7. c4 Bg7 8. Nc3 {[%emt 0:00:09] The position is equal.} O-O 9. Be2 Nc6 10. a3 a5 11. Qc2 {[%emt 0:00:06] [#]} h6 $146 ({Predecessor:} 11... Kh8 12. O-O Bd7 13. Rae1 Ne7 14. d5 c6 15. dxc6 Nxc6 16. Nb5 Qe7 17. Nb1 Rfd8 {0-1 (34) Zegarac,B (2302)-Popovic,D (2435) Subotica 2003}) 12. h4 Kh7 13. O-O-O (13. h5 $14) 13... d5 (13... h5 $1 $11) 14. cxd5 Nxd5 (14... Ne7 $1 $11 {keeps the balance.}) 15. Nxd5 $16 Qxd5 16. Bc4 Qd6 17. h5 {[%emt 0:00:23][%cal Og2g4] [#] And now g4! would win.} g5 18. f3 exf3 19. gxf3 Ne7 20. Bd3 Nd5 21. Rde1 Kh8 22. e4 Nf4 23. Bc4 {[%emt 0:00:03] White is on the road to losing.} (23. Nc4 $11 Nxd3+ 24. Qxd3 Qf4+ 25. Nd2) 23... c6 $19 24. d5 b5 (24... cxd5 25. exd5 Bd7 26. a4 $17) 25. Bxg7+ $2 (25. Bf1 cxd5 26. Bxb5) 25... Kxg7 26. Qc3+ Kh7 27. Bf1 b4 $2 (27... cxd5 $2 28. Kb1) ({Better is} 27... Qxa3+ $19 28. Qb2 Qd6) 28. Qc4 $2 (28. Qxc6 $11 {and White has nothing to worry.} Qxc6+ 29. dxc6) 28... Ba6 (28... bxa3 $2 29. Qc3 $19) 29. Qd4 Bxf1 (29... bxa3 $2 30. Bxa6 Rxa6 31. Kb1 $19) (29... cxd5 $2 30. exd5 Bxf1 31. Rhxf1 $19) 30. Rhxf1 c5 ({Avoid the trap} 30... bxa3 $2 31. exf5 cxd5 32. Kb1) ({And not} 30... Nxh5 31. Nc4 Qf4+ 32. Kb1 $17) (30... cxd5 31. exd5 bxa3 32. Nc4 $17) 31. Qc4 a4 32. bxa4 $2 (32. Re3) 32... Rxa4 {[%emt 0:00:03] Black is clearly winning.} 33. axb4 (33. Re3 $142 Rfa8 34. Kb1) 33... Rxb4 34. Qc3 Qa6 {[%emt 0:00:09] [#] ( -> ...Rfb8)} 35. exf5 Nd3+ 36. Kd1 Nb2+ 37. Kc2 Qa4+ 38. Kc1 {Weighted Error Value: White=0.98/Black=0.41} 0-1

[Event "German-ch Blitz Women 2022"]
[Site "Magdeburg"]
[Date "2022.08.13"]
[Round "1.4"]
[White "Stangl, Anita"]
[Black "Braun, Kristin"]
[Result "0-1"]
[ECO "B70"]
[WhiteElo "2023"]
[BlackElo "1897"]
[Annotator "NA RC"]
[PlyCount "60"]
[EventDate "2022.08.10"]
[EventType "tourn"]
[EventCountry "GER"]
[SourceTitle "playchess.com"]
[Source "ChessBase"]
[SourceQuality "1"]
[TimeControl "180+2"]

1. e4 c5 2. Nf3 d6 3. d4 cxd4 4. Nxd4 Nf6 5. Nc3 g6 6. Bc4 Bg7 7. O-O Nc6 8. Nde2 O-O 9. h3 a6 10. a4 Be6 11. Bxe6 fxe6 12. Bg5 Rc8 13. Rc1 Qd7 14. Qd2 Ne5 15. b3 Nf7 16. Be3 Rc7 17. Rfd1 Rfc8 18. f4 Nh5 19. Bd4 Bxd4+ 20. Qxd4 Nxf4 21. Nxf4 Rxc3 22. Qd2 Ne5 23. Qd4 R8c7 24. Rd2 Qc8 25. Kh2 Rxc2 26. Rdxc2 Rxc2 27. Rxc2 Qxc2 28. Nxe6 Nf3+ 29. Kg3 Nxd4 30. Nxd4 Qxe4 0-1

[Event "German-ch Blitz Women 2022"]
[Site "Magdeburg"]
[Date "2022.08.13"]
[Round "1.5"]
[White "Falke, Ornella"]
[Black "Grabowski, Petra"]
[Result "1/2-1/2"]
[ECO "C00"]
[WhiteElo "1912"]
[BlackElo "1643"]
[Annotator "TA"]
[PlyCount "115"]
[EventDate "2022.08.10"]
[EventType "tourn"]
[EventCountry "GER"]
[SourceTitle "playchess.com"]
[Source "ChessBase"]
[SourceQuality "1"]
[TimeControl "180+2"]

1. e4 e6 2. d3 Nc6 3. Nd2 d5 4. Ngf3 Be7 5. g3 b6 6. Bg2 {[%emt 0:00:01] C00: French: Unusual White 2nd moves.} Bb7 7. O-O Nf6 8. Re1 {[%emt 0:00:04] The position is equal.} O-O 9. e5 Nd7 10. Nf1 Re8 {[%emt 0:00:16] [#]} 11. Bf4 $146 ({Predecessor:} 11. h4 Nf8 12. N1h2 Nb8 13. Ng4 c5 14. Bg5 Nc6 15. c3 Qd7 16. Qd2 d4 17. c4 {1-0 (36) Mortazavi,A (2333)-Moreira,R (2088) Chess.com INT 2021}) 11... f6 (11... g5 $11 {is more appropriate.} 12. Be3 Ndxe5) 12. Bh3 (12. exf6 $14 Bxf6 13. d4) 12... Nf8 (12... f5 $5 13. g4 g5 $11) 13. c3 fxe5 14. Nxe5 Nxe5 15. Bxe5 Bd6 16. d4 c5 17. Qg4 {[%emt 0:00:21][%csl Ge5][%cal Rg4g7] [#]} Bxe5 18. Rxe5 cxd4 19. cxd4 Bc8 20. Rae1 {[%emt 0:00:07] White is more active.} (20. Qe2 $16) 20... Qf6 (20... Ng6 $11) 21. Qe2 $36 {[%emt 0:00:33][%mdl 2048] White is in control.} Ng6 (21... Qe7 $142) 22. Re3 (22. Rxd5 $142 Kh8 23. Rd6) 22... Qxd4 23. Bxe6+ Bxe6 24. Rxe6 Qa4 {[%emt 0:00:11][%mdl 8192] A mistake that costs the game.} 25. b3 Qd7 26. Rxe8+ Rxe8 27. Qxe8+ Qxe8 28. Rxe8+ Kf7 29. Ra8 a5 30. Ne3 d4 31. Nd5 b5 32. Rxa5 Ne5 33. Rxb5 Ke6 34. Nf4+ Kf6 35. Rd5 g5 36. Ne2 d3 37. Nc3 {[%emt 0:00:01] Hoping for a4.} d2 38. Kf1 Nf3 39. Ke2 Nxh2 40. Rxd2 {[%emt 0:00:02] White mates.} Ng4 41. Ne4+ Ke5 42. f3 Nh6 43. Nxg5 Nf5 44. g4 Nd4+ 45. Kf2 h6 46. Nf7+ Kd5 47. Ke3 Ke6 48. Nd8+ Ke7 49. Rxd4 Ke8 50. Ke4 Ke7 51. Ke5 h5 52. gxh5 Kf8 53. Rd7 Ke8 {[%emt 0:00:02] [#]} 54. Ra7 $1 Kf8 55. h6 Kg8 56. Nc6 Kh8 57. Kf6 Kg8 58. Ne5 {[%emt 0:00:08][%mdl 32768] Weighted Error Value: White=0.24 (precise) /Black=0.32. An unexpected result.} 1/2-1/2

[Event "German-ch Blitz Women 2022"]
[Site "Magdeburg"]
[Date "2022.08.13"]
[Round "1.6"]
[White "Kosovska, Olena"]
[Black "Khrapko, Marharyta"]
[Result "0-1"]
[ECO "B23"]
[WhiteElo "1831"]
[BlackElo "2128"]
[Annotator "TA"]
[PlyCount "27"]
[EventDate "2022.08.10"]
[EventType "tourn"]
[EventCountry "GER"]
[SourceTitle "playchess.com"]
[Source "ChessBase"]
[SourceQuality "1"]
[TimeControl "180+2"]

1. e4 c5 2. Nc3 Nc6 3. f4 g6 4. Nf3 Bg7 5. Bb5 Qc7 6. d3 {B23: Closed Sicilian: Lines without g3.} e6 7. O-O Nge7 8. Qe1 {The position is equal.} a6 9. Bxc6 Qxc6 {[#]} 10. Kh1 $146 ({White should play} 10. f5 $14) ({Predecessor:} 10. Bd2 b5 11. Rb1 Bb7 12. Qh4 d6 13. Ne2 Qc7 14. Ng3 O-O-O 15. Ne2 d5 16. e5 {1-0 (41) Chu,L (1125)-Haselgrove,M (1434) Perth 2004}) 10... b6 11. a3 Bb7 12. Ne2 a5 13. b4 $2 {[%mdl 8192] [#]} axb4 (13... Bxa1 $142 14. Ne5 Qc7 15. bxc5 bxc5) 14. axb4 $2 {Weighted Error Value: White=0.96/Black=0.56} (14. Ne5 Qa4 15. Be3) 0-1

[Event "German-ch Blitz Women 2022"]
[Site "Magdeburg"]
[Date "2022.08.13"]
[Round "1.7"]
[White "Leveikina, Jevgenija"]
[Black "Daemering, Katrin"]
[Result "1-0"]
[ECO "A41"]
[WhiteElo "2061"]
[BlackElo "1965"]
[Annotator "NA RC"]
[PlyCount "74"]
[EventDate "2022.08.10"]
[EventType "tourn"]
[EventCountry "GER"]
[SourceTitle "playchess.com"]
[Source "ChessBase"]
[SourceQuality "1"]
[TimeControl "180+2"]

1. d4 d6 2. Nf3 g6 3. g3 Bg7 4. Bg2 Nd7 5. O-O e5 6. dxe5 dxe5 7. c3 Ne7 8. Nbd2 O-O 9. e4 h6 10. Qc2 c6 11. a4 Qc7 12. b3 f5 13. Ba3 Rf7 14. Rad1 Nf6 15. Nh4 Kh7 16. Bxe7 Qxe7 17. exf5 g5 18. Ng6 Qc7 19. Nc4 Ne8 20. f6 Rxf6 21. Ngxe5+ Bf5 22. Be4 Bxe4 23. Qxe4+ Kg8 24. Rd7 Qc8 25. Rfd1 Rf8 26. Qg6 b5 27. Qe6+ Kh7 28. Nd6 Rf6 29. Qe7 Rxd6 30. R1xd6 bxa4 31. Rd8 Nxd6 32. Rxc8 Nxc8 33. Qf7 Nd6 34. Qe6 Rd8 35. Qg6+ Kg8 36. bxa4 Kf8 37. Nxc6 Rd7 1-0

[Event "German-ch Blitz Women 2022"]
[Site "Magdeburg"]
[Date "2022.08.13"]
[Round "1.8"]
[White "Heil, Marina"]
[Black "Muetsch, Annmarie"]
[Result "1-0"]
[ECO "A10"]
[WhiteElo "1926"]
[BlackElo "2249"]
[Annotator "TA"]
[PlyCount "116"]
[EventDate "2022.08.10"]
[EventType "tourn"]
[EventCountry "GER"]
[SourceTitle "playchess.com"]
[Source "ChessBase"]
[SourceQuality "1"]
[TimeControl "180+2"]

1. c4 d6 2. Nc3 e5 3. g3 f5 4. Bg2 Nf6 5. d3 Be7 6. e4 Nc6 {[%emt 0:00:12] 6...0-0 gains popularity.} 7. Nge2 O-O {[%emt 0:00:06] A21: English Opening: 1...e5 2 Nc3.} 8. O-O Kh8 9. a3 a5 {[%emt 0:00:01] [#] The position is equal.} 10. Rb1 $146 ({Predecessor:} 10. b3 Be6 11. d4 exd4 12. exf5 Bxf5 13. Nxd4 Nxd4 14. Qxd4 Qd7 15. Ra2 Ng4 16. Re2 {½-½ (27) Hillebrand,C (1516)-Korostenski,F (1658) LSS email 2012}) 10... fxe4 11. dxe4 Bg4 12. h3 Be6 13. Nd5 (13. b3 $1 $14) 13... Qd7 14. Kh2 Bf7 (14... a4 $1 $11) 15. Nec3 Bg6 (15... Nd4 $11) 16. Be3 $16 Bd8 17. Qd2 {[%emt 0:00:24] White is more active.} Nxd5 18. cxd5 Ne7 19. Rbc1 c5 20. dxc6 bxc6 21. Rfd1 ({Better is} 21. Na4 $16) 21... Bc7 $11 22. Qc2 Qe6 23. Qd2 Rab8 {[%emt 0:00:04] Prevents Nb5.} 24. Nd5 cxd5 25. Rxc7 d4 26. Bg5 Ng8 27. Rdc1 Nf6 (27... h6 $15 28. Bh4 Be8) 28. Bxf6 Qxf6 29. Qc2 (29. f4 $11 {and White has nothing to worry.}) 29... h6 (29... Qxf2 $19 {Threatens to win with ...h6.} 30. Qxf2 Rxf2 31. Rc8+ Rf8 32. Rxf8+ Rxf8) 30. Rf1 Qe6 ({Black should play} 30... a4 $17 31. Qc1 Qe6) 31. f4 $15 exf4 32. gxf4 Bf7 33. f5 (33. Qd2 $11 {remains equal.}) 33... Qb3 (33... Qf6 $17) 34. Qc6 $14 Qxb2 (34... Rb6 $11 {keeps the balance.} 35. Qd7 (35. Qc2 Qxb2 36. Rf3 Qb5 $15) 35... Kg8) 35. Qxd6 (35. f6 $1 $16 {[%cal Rf6g7] Black must now prevent fxg7+.} g5 36. Qxd6) 35... Rbd8 $1 $36 {[%emt 0:00:04][%mdl 2048] Black has good play.} 36. Qe7 ({Don't play} 36. Qe5 Qxa3 37. Rf3 Qd6 38. Qxd6 Rxd6 $11) 36... Rde8 (36... d3 $5 ) 37. Qd7 Qe2 $2 (37... Rxe4 $11 {and Black stays safe.} 38. f6 g5) 38. Qxd4 $18 Rd8 39. Qa1 (39. Qc5 $18) 39... Rd2 $1 $15 40. Rg1 Qxe4 $1 {[%emt 0:00:02] And now ...Qf4+ would win.} 41. Qf1 {[%emt 0:00:06][%mdl 8192] Inhibits Qf4+. Black keeps a firm grip on the game.} (41. f6 $15 Qf4+ 42. Kh1 gxf6 43. Qf1) 41... Qe5+ 42. Kh1 Qxc7 43. f6 Qe5 (43... Bd5 $142 44. Qb5 Rxf6 $1 45. Qxd5 Rxd5 46. Bxd5 Qc3 47. Bg2 Qe3 48. Rf1 Rg6 49. Rb1 Qg3 50. Rb2 Qe1+ 51. Kh2 Qe5+ 52. Kh1 Qxb2 53. Bf3 Qc1+ 54. Bd1 Qxd1+ 55. Kh2 Qg1#) 44. fxg7+ Qxg7 45. Be4 Qe5 46. Bg2 {[%emt 0:00:01] [#]} Rd6 (46... Rg8 $142 $1 47. Qc1 Qf4 48. Qa1+ Rg7 49. a4 Bc4 50. Qxg7+ Kxg7 51. Bc6+ Kh8 52. Rg2 Rd3 53. Rg8+ Bxg8 54. Kg2 Rg3+ 55. Kh2 Qf2+ 56. Kh1 Rxh3#) 47. Qf3 {[%emt 0:00:02] [#]} Rf6 (47... Rg8 $142 $1 48. Qe4 (48. Qxf7 Rxg2) 48... Qg7 49. Qg4 Rg6 50. Bf3 Rxg4 51. Rxg4 Qa1+ 52. Kh2 Rb8 53. Be4 Rb3 54. Kg2 Qb2+ 55. Kg1 Rxh3 56. Bg2 Qb1+ 57. Kf2 Qf5+ 58. Ke1 Re3+ 59. Kd1 Bb3+ 60. Kd2 Qf2+ 61. Kc1 Re1#) 48. Qg4 Qg5 (48... Rg8 $142 49. Qe4 Qd6 50. Bf3 Rxg1+ 51. Kxg1 Qg3+ 52. Bg2 Re6 53. Qb1 Re1+ 54. Qxe1 Qxe1+ 55. Kh2 a4 56. Bb7 Qe7 57. Bc6 Qxa3 58. Bg2 Qd6+ 59. Kg1 Qg3 60. Kf1 Bc4+ 61. Kg1 a3 62. h4 a2 63. Kh1 a1=Q+ 64. Bf1 Qxf1#) 49. Qe2 Bd5 50. Qb2 Bxg2+ 51. Rxg2 Qf4 52. Qc2 Qf1+ 53. Kh2 Qf4+ 54. Kh1 Qf5 {[%emt 0:00:01] Against Qc5} (54... Qe5 $142 55. Qd2 Rf1+ 56. Rg1 Rxg1+ 57. Kxg1 Rg8+ 58. Kf1 Qf5+ 59. Qf2 Qd3+ 60. Qe2 Qxh3+ 61. Ke1 Qc3+ 62. Kf1 Qc1+ 63. Qe1 Rf8+ 64. Ke2 Re8+ 65. Kd3 Qxe1 66. Kc4 Re5 67. Kd3 Qe2+ 68. Kc3 Re4 69. a4 Kh7 70. Kb3 Re3#) 55. Kh2 Qxc2 {[%emt 0:00:01] Black mates.} 56. Rxc2 Rf2+ 57. Rxf2 Rxf2+ 58. Kg3 Ra2 {[%mdl 32768] Weighted Error Value: White=1.09/Black=0.87. Loss on time!?} 1-0

[Event "German-ch Blitz Women 2022"]
[Site "Magdeburg"]
[Date "2022.08.13"]
[Round "1.9"]
[White "Fock, Sana"]
[Black "Zhou, Lepu Coco"]
[Result "1-0"]
[ECO "B23"]
[WhiteElo "1807"]
[BlackElo "1986"]
[Annotator "TA"]
[PlyCount "40"]
[EventDate "2022.08.10"]
[EventType "tourn"]
[EventCountry "GER"]
[SourceTitle "playchess.com"]
[Source "ChessBase"]
[SourceQuality "1"]
[TimeControl "180+2"]

1. e4 c5 2. Nc3 Nc6 3. f4 g6 4. Nf3 Bg7 5. Bb5 Nd4 6. O-O Nxb5 7. Nxb5 d6 8. a4 Bd7 {[%emt 0:00:11] B23: Closed Sicilian: Lines without g3.} 9. Nc3 Bc6 10. d3 Nf6 {[%emt 0:00:29] The position is equal.} 11. Qe1 O-O 12. h3 {[%emt 0:00:19] [#]} Nd7 $146 ({Predecessor:} 12... e6 13. f5 h6 14. e5 dxe5 15. fxg6 fxg6 16. Be3 Nd7 17. Ne4 Qe7 18. Qg3 Bxe4 19. dxe4 {½-½ (70) Bogdanov,D-Jakobsen,O (2365) Copenhagen 1991}) 13. Kh2 Qc7 14. Ng5 h6 15. Nf3 g5 $2 {[%emt 0:00:21][%mdl 8192] [#]} (15... e6 $11) 16. Nd5 ({White should play} 16. fxg5 $18 {Qh4 is the strong threat.} d5+ 17. Kh1 Bxc3 18. bxc3 (18. Qxc3 hxg5 19. Nxg5 Qd6 $16)) 16... Bxd5 $16 17. exd5 gxf4 18. Bxf4 {[%emt 0:00:03] Black must now prevent Qh4.} Rae8 $2 (18... Ne5 $16) 19. Qh4 $18 e5 $2 {[%emt 0:00:02] [#]} (19... Qb6 20. b3 (20. Bxh6 Bxh6 21. Qxh6 Qxb2 $16) 20... Qb4) 20. Bxh6 Nf6 {Inhibits Qg4.  Weighted Error Value: White=0.18 (very precise) /Black=0.85} 1-0

[Event "German-ch Blitz Women 2022"]
[Site "Magdeburg"]
[Date "2022.08.13"]
[Round "1.10"]
[White "Schuster, Rebekka"]
[Black "Nikolaeva, Mariya A"]
[Result "1-0"]
[ECO "C54"]
[WhiteElo "1815"]
[BlackElo "1309"]
[Annotator "NA RC COMBH"]
[PlyCount "38"]
[EventDate "2022.08.10"]
[EventType "tourn"]
[EventCountry "GER"]
[SourceTitle "playchess.com"]
[Source "ChessBase"]
[SourceQuality "1"]
[TimeControl "180+2"]

1. e4 e5 2. Nf3 Nc6 3. Bc4 Bc5 4. c3 Nf6 5. d3 d6 6. O-O h6 7. b4 Bb6 8. a4 a5 9. b5 Ne7 10. h3 Ng6 11. Be3 Bxe3 12. fxe3 O-O 13. Nbd2 d5 14. exd5 Nxd5 15. Bxd5 Qxd5 16. Nc4 e4 17. Nd4 Re8 18. Nb2 Qg5 19. Qe2 Bxh3 1-0

[Event "German-ch Blitz Women 2022"]
[Site "Magdeburg"]
[Date "2022.08.13"]
[Round "1.11"]
[White "Zschischang, Marine"]
[Black "Schulze, Lara"]
[Result "0-1"]
[ECO "D37"]
[WhiteElo "2083"]
[BlackElo "2292"]
[Annotator "TA"]
[PlyCount "64"]
[EventDate "2022.08.10"]
[EventType "tourn"]
[EventCountry "GER"]
[SourceTitle "playchess.com"]
[Source "ChessBase"]
[SourceQuality "1"]
[TimeControl "180+2"]

1. d4 Nf6 2. Nf3 d5 3. c4 e6 4. Nc3 a6 5. cxd5 exd5 6. Qc2 {[%emt 0:00:01] D37: Queen's Gambit Declined: 5 Bf4.} Be6 7. Bg5 Nbd7 8. e3 {[%emt 0:00:01] The position is equal.} Bd6 9. Bd3 c6 10. O-O h6 11. Bh4 (11. Bf4 $5 Qb8 12. Bxd6 Qxd6 13. h3 $14) 11... O-O 12. Rfc1 Re8 13. a3 {[%emt 0:00:04] [#]} Qc7 $146 ({Predecessor:} 13... Qb8 14. Bg3 Bxg3 15. hxg3 Nb6 16. Ne2 Nc8 17. Nf4 Nd6 18. Ne5 Qc8 19. Qc5 Qd8 {0-1 (77) Radjabov,T (2765)-Le,Q (2709) chess24.com INT 2020}) 14. Rab1 Bg4 15. Bg3 Bxg3 16. hxg3 Qd6 17. Bf5 Bxf5 18. Qxf5 g6 19. Qh3 h5 20. b4 Kg7 21. Na4 Ne4 22. Nc5 Ndf6 23. Nxb7 {[%emt 0:00:03] [#]} ({Better is} 23. Ne5 $15) 23... Qe7 $1 $19 24. Na5 $2 (24. Nc5 $17 {only move.} Nxf2 25. Kxf2 Qxe3+ 26. Kf1) 24... Nxf2 $1 {[%emt 0:00:27][%mdl 64] Decoy} 25. Kxf2 (25. Qh4 $19 Nd3 26. Ne5 (26. Rxc6 $2 Qxe3+ 27. Kh1 Nf2+ 28. Kg1 N6g4 $19) 26... Nxe5 27. dxe5 Qxe5 28. Qf4) 25... Qxe3+ 26. Kf1 Ng4 {[%emt 0:00:05][%csl Gg4][%cal Re3f2] Black mates.} 27. Rc2 Qd3+ 28. Kg1 Qxc2 29. Rf1 Re2 30. Ne1 Qd2 31. Nxc6 Rxe1 32. Ne5 Rxf1+ {[%emt 0:00:02] Weighted Error Value: White=0.48/Black=0.06 (flawless)} 0-1

[Event "German-ch Blitz Women 2022"]
[Site "Magdeburg"]
[Date "2022.08.13"]
[Round "1.12"]
[White "Stärk, Elisa"]
[Black "Melamed, Tatjana"]
[Result "0-1"]
[ECO "E62"]
[WhiteElo "1950"]
[BlackElo "2380"]
[Annotator "TA"]
[PlyCount "68"]
[EventDate "2022.08.10"]
[EventType "tourn"]
[EventCountry "GER"]
[SourceTitle "playchess.com"]
[Source "ChessBase"]
[SourceQuality "1"]
[TimeControl "180+2"]

1. Nf3 Nf6 2. g3 g6 3. Bg2 Bg7 4. O-O O-O 5. d4 d6 6. c4 c6 7. Nc3 Bf5 $1 {[%emt 0:00:01][%mdl 4] is more profitable than 7...Qa5 at the moment.} 8. Bg5 {[%emt 0:00:04] E62: King's Indian: Fianchetto: 6...c6 and Panno Variation (6...Nc6) without ...a6.} h6 9. Bf4 {[%emt 0:00:03] [#]} Ne4 $146 ({Predecessor:} 9... Qc8 10. Re1 Nh5 11. e4 Be6 12. Bd2 Bxc4 13. e5 Be6 14. Nh4 Rd8 15. Be4 dxe5 16. Bxg6 {1-0 (25) Radovanovic,M (2402)-Shyam,S (2527) Paracin 2018}) 10. Nxe4 {[%emt 0:00:03] The position is equal.} Bxe4 11. e3 $2 (11. h4 $11) 11... Nd7 $2 ({Not} 11... g5 12. Nxg5 Bxg2 13. Kxg2 hxg5 14. Bxg5) ({Black should play} 11... e5 $19 12. Nxe5 (12. dxe5 $2 Bxf3 13. Qxf3 dxe5 $19) 12... dxe5 13. Bxe5 Bxg2 14. Bxg7 Bxf1 15. Bxf8 Bxc4 16. Bxh6 Bd5) 12. h4 $2 (12. g4 $1 $15) 12... Nf6 $2 (12... Bxf3 $19 {is more deadly.} 13. Qxf3 e5 14. dxe5 dxe5) 13. Nd2 $17 Bxg2 14. Kxg2 Re8 (14... Nh5 $15 15. Nf3 Re8 16. Bxh6 Bxh6) 15. e4 $1 $11 e5 16. dxe5 dxe5 17. Be3 Qd3 18. Qb1 Rad8 19. Qxd3 Rxd3 20. Nb3 b6 (20... Nxe4 {is superior.} 21. Rfd1 Red8 22. Rxd3 Rxd3) 21. c5 (21. Kf3 {keeps more tension.} c5 22. Rad1 Red8 23. Rxd3 Rxd3 24. Nc1) 21... Nxe4 22. cxb6 axb6 23. Bxb6 Rb8 24. Be3 Nf6 25. Rac1 Nd5 26. Bc5 Ra8 27. Ba3 e4 28. Nc5 (28. Rxc6 $11 e3 29. Kf3) 28... Rd2 $15 {[%emt 0:00:10] White must now prevent ...Ne3+. Black is much more active.} 29. Nxe4 (29. Rce1 $15) 29... Ne3+ $1 $19 {[%mdl 64] [#] Deflection, Double Attack} 30. Kf3 Nxf1 31. Nxd2 Nxd2+ 32. Ke3 Rd8 {[%emt 0:00:05] aiming for ...Bd4+.} 33. b3 h5 34. Rd1 $2 {[%emt 0:00:05][%mdl 8192] [#]} (34. Bb4 $17 Ne4 35. Rxc6) 34... Nc4+ $1 {[%emt 0:00:02][%mdl 512] Weighted Error Value: White=0.64/Black=0.32} 0-1